[Event "Team 45 45 League T42"]
[Site "Internet Chess Club"]
[Date "2009.08.07"]
[Round "2"]
[White "PublisherKing"]
[Black "Rhel"]
[Result "1-0"]
[WhiteElo "1858"]
[BlackElo "1608"]
[Opening "English: symmetrical variation"]
[ECO "A30"]
[Time "14:30:17"]
[TimeControl "2700+45"]

1. c4 c5 2. Nf3 g6 3. Nc3 Bg7 4. e3 Nc6 5. d4 cxd4 6. exd4 Nh6 7. Be2 O-O 8. O-O
Nf5 9. d5 Ncd4 10. Nxd4 Nxd4 11. Bd3 d6 12. Be3 Nf5 13. Bf4 Bd7 14. Qd2 Qb6 15.
Rac1 a6 16. Rfe1 Rfe8 17. b3 Qb4 18. Ne4 Qxd2 19. Bxd2 Nd4 20. b4 Bf5 21. c5
Bxe4 22. Rxe4 Be5 23. Bc3 dxc5 24. bxc5 f5 25. Rxd4 Bxd4 26. Bxd4 Rad8 27. Bc4
Kf8 28. Be5 Rc8 29. Bb3 Red8 30. c6 bxc6 31. dxc6 Rd2 32. c7 Re2 33. f4 g5 34.
Be6 {Black resigns} 1-0

[Event "Team 45 45 League T42"]
[Site "Internet Chess Club"]
[Date "2009.08.09"]
[Round "2"]
[White "rayngrant"]
[Black "Monsieur"]
[Result "1-0"]
[WhiteElo "1604"]
[BlackElo "1588"]
[Opening "Latvian counter-gambit"]
[ECO "C40"]
[Time "09:02:09"]
[TimeControl "2700+45"]

1. e4 e5 2. Nf3 f5 3. Nxe5 Qe7 4. d4 d6 5. Nc4 Qxe4+ 6. Be3 f4 7. Nc3 Qf5 8. Bd3
Qg5 9. Bd2 Nf6 10. Qe2+ Be7 11. O-O-O d5 12. Ne5 Nc6 13. Nxc6 bxc6 14. Rde1 Nh5
15. h4 Bg4 16. hxg5 Bxe2 17. Bxe2 g6 18. Bxh5 gxh5 19. Bxf4 Kd7 20. Rxh5 Rae8
21. Be5 Rhf8 22. f4 Rf7 23. g4 Bd6 24. f5 Ree7 25. Kd1 Bb4 26. Re3 c5 27. Nxd5
cxd4 28. Bxd4 Rxe3 29. Nxe3 c5 30. Bf6 Kc6 31. c3 Ba5 32. Nc4 Bc7 33. Be5 Kd5
34. Bxc7 Kxc4 35. Bf4 Kd3 36. Rh3+ Ke4 37. Be3 Rd7+ 38. Ke2 c4 39. Rf3 Rb7 40.
Bc1 Kd5 41. f6 Rf7 42. Re3 Kd6 43. Re4 Kd5 44. Rd4+ Kc5 45. Be3 Kb5 46. Re4 h6
47. Re7 Rf8 48. f7 hxg5 49. Bxg5 {Black resigns} 1-0

[Event "Team 45 45 League T42"]
[Site "Internet Chess Club"]
[Date "2009.08.07"]
[Round "2"]
[White "badmove"]
[Black "allanchs"]
[Result "1/2-1/2"]
[WhiteElo "1579"]
[BlackElo "1532"]
[Opening "Ruy Lopez: Wormald (Alapin) attack"]
[ECO "C77"]
[Time "16:00:06"]
[TimeControl "2700+45"]

1. e4 e5 2. Nf3 Nc6 3. Bb5 a6 4. Ba4 Nf6 5. Qe2 b5 6. Bb3 Be7 7. c3 Na5 8. Bc2
d6 9. O-O c5 10. Rd1 Qc7 11. d4 O-O 12. d5 Nc4 13. b3 Nb6 14. a4 bxa4 15. bxa4
Bg4 16. a5 Nbd7 17. Nbd2 Rfb8 18. Nc4 Ne8 19. Ba4 Nef6 20. Bc2 {Game drawn by
mutual agreement} 1/2-1/2

[Event "Team 45 45 League T42"]
[Site "Internet Chess Club"]
[Date "2009.08.10"]
[Round "2"]
[White "Ianjo"]
[Black "starfire5000"]
[Result "1-0"]
[WhiteElo "1918"]
[BlackElo "1691"]
[Opening "QGD: 4.Bg5 Nbd7"]
[ECO "D51"]
[Time "15:06:23"]
[TimeControl "2700+45"]

1. d4 d5 2. c4 e6 3. Nc3 Nf6 4. Bg5 Nbd7 5. Nf3 Be7 6. e3 h6 7. Bh4 O-O 8. Rc1
c6 9. Qc2 Qc7 10. cxd5 exd5 11. Bg3 Qa5 12. Bd3 Bb4 13. O-O Re8 14. h3 Bxc3 15.
bxc3 Ne4 16. Bh2 Ndf6 17. Ne5 Qd8 18. f3 Nd6 19. e4 dxe4 20. fxe4 Qb6 21. Kh1 c5
22. Rce1 cxd4 23. cxd4 Qxd4 24. Nf3 Qb6 25. e5 Qd8 26. exf6 Rxe1 27. Rxe1 Qxf6
28. Bxd6 Qxd6 29. Re8+ Qf8 30. Bh7+ {Black resigns} 1-0

[Event "Team 45 45 League T42"]
[Site "Internet Chess Club"]
[Date "2009.08.10"]
[Round "2"]
[White "ILRE"]
[Black "PrincessChess"]
[Result "0-1"]
[WhiteElo "1652"]
[BlackElo "1742"]
[Opening "Ruy Lopez: Bird's defense"]
[ECO "C61"]
[Time "20:02:10"]
[TimeControl "2700+45"]

1. e4 e5 2. Nf3 Nc6 3. Bb5 Nd4 4. Nxd4 exd4 5. O-O Bc5 6. c3 c6 7. Ba4 Ne7 8. d3
O-O 9. Nd2 dxc3 10. bxc3 d5 11. d4 Bb6 12. Bc2 dxe4 13. Nxe4 Bf5 14. Bf4 Nd5 15.
Qf3 Nxf4 16. Qxf4 Bg6 17. Rac1 Bc7 18. Qf3 Qd5 19. Nd2 Qxa2 20. Bxg6 fxg6 21.
Qd3 Qd5 22. Qc4 Bf4 23. Qxd5+ cxd5 24. Rc2 Bxd2 25. Rxd2 Rac8 26. Rc1 Rc4 27. f3
Rfc8 28. Rdc2 b5 29. Ra2 R8c7 30. Kf2 b4 31. Ra5 Rxc3 32. Rxc3 bxc3 33. Ra1 Kf7
34. Ke3 Ke6 35. Rc1 Kf5 36. g3 Ke6 37. Rc2 Kd6 38. Kf4 Rc4 39. Ke3 Kc6 40. Kd3
Kb5 41. Rxc3 Rxc3+ 42. Kxc3 a5 43. h3 a4 44. f4 a3 45. Kb3 a2 46. Kxa2 Kc4 47.
Kb2 Kxd4 48. Kc2 Ke3 49. Kc3 d4+ 50. Kc2 Ke2 {White resigns} 0-1

[Event "Team 45 45 League T42"]
[Site "Internet Chess Club"]
[Date "2009.08.09"]
[Round "2"]
[White "LuxAeterna"]
[Black "xt"]
[Result "1-0"]
[WhiteElo "1811"]
[BlackElo "1567"]
[Opening "Ruy Lopez: Steinitz defense deferred (Russian defense)"]
[ECO "C79"]
[Time "19:21:08"]
[TimeControl "2700+45"]

1. e4 e5 2. Nf3 Nc6 3. Bb5 a6 4. Ba4 Nf6 5. O-O d6 6. Re1 b5 7. Bb3 Na5 8. c3
Nxb3 9. Qxb3 Be7 10. d4 Bb7 11. dxe5 dxe5 12. Nxe5 O-O 13. f3 Bd6 14. Nd3 Re8
15. Bf4 Bxf4 16. Nxf4 Qd6 17. Ne2 Qb6+ 18. Kh1 Qf2 19. Nd2 Nxe4 20. Rf1 Nxd2 21.
Rxf2 Nxb3 22. axb3 Rad8 23. Ng3 Re6 24. Kg1 c5 25. Rc2 b4 26. Kf2 h6 27. Ne4
Bxe4 28. fxe4 Rxe4 29. Rxa6 c4 30. bxc4 Rxc4 31. Rb6 Rdc8 32. Ke3 bxc3 33. Kd3
R4c5 34. bxc3 Rd8+ 35. Ke4 f5+ 36. Ke3 Rc4 37. Rb4 f4+ 38. Ke2 Rdc8 39. Kd3 Rxb4
40. cxb4 Rxc2 41. Kxc2 Kf8 42. Kd3 Ke7 43. Ke4 g5 44. Kf5 Kd6 45. h3 Kc6 46. Kg6
Kb5 47. Kxh6 Kxb4 48. Kxg5 Kc5 49. Kxf4 Kd6 50. Kf5 Ke7 51. Kg6 Kf8 52. Kh7 Kf7
53. g4 Kf6 54. h4 Kf7 55. g5 Kf8 56. g6 {Black resigns} 1-0

[Event "Team 45 45 League T42"]
[Site "Internet Chess Club"]
[Date "2009.08.09"]
[Round "2"]
[White "Warpdrive"]
[Black "raimundo"]
[Result "1-0"]
[WhiteElo "1636"]
[BlackElo "1725"]
[Opening "Alekhine's defense: modern variation"]
[ECO "B04"]
[Time "20:05:41"]
[TimeControl "2700+45"]

1. e4 Nf6 2. e5 Nd5 3. d4 d6 4. Nf3 Bf5 5. Bd3 Bxd3 6. Qxd3 Nc6 7. exd6 exd6 8.
O-O Be7 9. Re1 O-O 10. c3 Nb6 11. Nbd2 d5 12. Nf1 Bf6 13. Ng3 Nc4 14. Nh5 Be7
15. Qf5 g6 16. Qg4 Qc8 17. Qxc8 Rfxc8 18. Nf4 Rd8 19. b3 Na3 20. Rxe7 Nxe7 21.
Bxa3 Nf5 22. Re1 h5 23. Re5 c6 24. Nxh5 Nh6 25. Be7 Ng4 26. Nf6+ Nxf6 27. Bxf6
Re8 28. Kf1 a5 29. g4 b5 30. g5 b4 31. cxb4 axb4 32. Rxe8+ Rxe8 33. Ne5 Ra8 34.
Nxc6 Rxa2 35. Ne7+ Kf8 36. Nxd5 Rb2 37. Nxb4 Rxb3 38. Nd5 Ke8 39. Ne3 Kd7 40.
Kg2 Rb2 41. Ng4 Rd2 42. Kf3 Ke6 43. Kf4 Re2 44. f3 Ra2 45. h3 Ra8 46. Ke4 Ra4
47. Ne5 Ra5 48. d5+ Rxd5 49. Nxf7 Rd1 50. Nh8 Rh1 51. Nxg6 Re1+ 52. Kf4 Rh1 53.
h4 Kf7 54. Kf5 Rb1 55. h5 Rb5+ 56. Kg4 Kg8 57. h6 Kh7 58. Nf8+ Kg8 59. h7+ Kf7
60. h8=Q {Black resigns} 1-0

[Event "Team 45 45 League T42"]
[Site "Internet Chess Club"]
[Date "2009.08.06"]
[Round "2"]
[White "Ickabod"]
[Black "GabGag"]
[Result "0-1"]
[WhiteElo "1719"]
[BlackElo "2003"]
[Opening "KGD: classical, 4.c3"]
[ECO "C30"]
[Time "19:02:04"]
[TimeControl "2700+45"]

1. e4 e5 2. f4 Bc5 3. Nf3 d6 4. c3 Nc6 5. d4 exd4 6. cxd4 Bb6 7. Bc4 Nf6 8. Nc3
Bg4 9. e5 dxe5 10. fxe5 Bxf3 11. Qxf3 Nxd4 12. Qd3 Qe7 13. Bf4 Nh5 14. Nd5 Nxf4
15. Nxf4 Qxe5+ 16. Ne2 O-O-O 17. O-O-O Rhe8 18. Rhe1 Nxe2+ 19. Qxe2 Qg5+ 20. Qd2
Qxd2+ 21. Rxd2 Rxe1+ 22. Kc2 Rxd2+ 23. Kxd2 Ba5+ 24. Kd3 f5 {White resigns} 0-1

[Event "Team 45 45 League T42"]
[Site "Internet Chess Club"]
[Date "2009.08.07"]
[Round "2"]
[White "rubo"]
[Black "j65536d"]
[Result "0-1"]
[WhiteElo "1683"]
[BlackElo "1877"]
[Opening "Bird's opening"]
[ECO "A03"]
[Time "22:00:18"]
[TimeControl "2700+45"]

1. f4 d5 2. Nf3 c5 3. e3 Nc6 4. Bb5 Bd7 5. b3 Nf6 6. Bb2 e6 7. O-O Be7 8. Bxc6
Bxc6 9. Ne5 Bb5 10. Rf3 b6 11. Na3 Ba6 12. c4 Rc8 13. Rg3 O-O 14. cxd5 exd5 15.
Nc2 g6 16. Rh3 Rc7 17. Ng4 Nxg4 18. Qxg4 Bc8 19. Qh5 gxh5 20. Rg3+ Bg5 21. Rxg5+
Qxg5 22. fxg5 Bf5 23. Ne1 Re8 24. Bf6 Re6 25. Nf3 h6 26. h4 Bg4 27. Ne5 Rc8 28.
Rc1 Rce8 29. d4 Bf5 30. Kf2 Bg6 31. Kg3 a5 32. Kf4 Rc8 33. g4 a4 34. dxc5 bxc5
35. gxh5 Bxh5 36. Nd7 Re4+ 37. Kg3 Rxe3+ 38. Kf4 Re4+ 39. Kg3 axb3 40. axb3 Re3+
41. Kh2 Rxb3 42. Be7 Bf3 43. gxh6 Be4 44. Nf6+ Kh8 45. Rg1 Rb2+ 46. Kg3 Re2 47.
Kf4 Rg2 48. Ra1 c4 49. Ra7 Rg6 50. h7 Rh6 51. Kg5 Rg6+ 52. Kf4 Rg7 53. Nxe4 dxe4
54. Bf6 Kxh7 55. Bxg7 Kxg7 56. Re7 c3 57. Rxe4 c2 58. Kf5 c1=Q 59. Rg4+ Kf8
{White resigns} 0-1

[Event "Team 45 45 League T42"]
[Site "Internet Chess Club"]
[Date "2009.08.08"]
[Round "2"]
[White "nas3"]
[Black "tightfist"]
[Result "1-0"]
[WhiteElo "1767"]
[BlackElo "1615"]
[Opening "Owen defense"]
[ECO "B00"]
[Time "21:01:37"]
[TimeControl "2700+45"]

1. e4 b6 2. d4 d6 3. Bd3 Bb7 4. Nf3 e6 5. Be3 Nf6 6. Nbd2 Be7 7. Qe2 Nbd7 8. O-O
c5 9. Rad1 cxd4 10. Nxd4 O-O 11. Ba6 Bxa6 12. Qxa6 Qc8 13. Qe2 Nc5 14. f3 Qb7
15. Bf2 Rac8 16. b3 a6 17. c4 Ne8 18. Rfe1 Bf6 19. f4 Bxd4 20. Bxd4 f6 21. Nf3
e5 22. fxe5 fxe5 23. Bf2 Qe7 24. Rd2 Rf4 25. Bxc5 bxc5 26. Red1 Rd8 27. g3 Rf8
28. Nh4 g6 29. Ng2 Qg5 30. Ne3 Rf6 31. Nd5 Re6 32. a3 h5 33. Rd3 Rd7 34. Rf1 Kg7
35. Rdf3 h4 36. Qf2 Kh6 37. Kh1 Nc7 38. Rf7 Rxf7 39. Qxf7 Nxd5 40. Qxe6 hxg3 41.
Qh3+ Kg7 42. cxd5 gxh2 43. Qxh2 Qe3 44. Qg2 Qh6+ 45. Kg1 Qe3+ 46. Kh2 Qh6+ 47.
Qh3 Qd2+ 48. Kh1 Qe2 49. Qf3 Qc2 50. Qf8+ Kh7 51. Rf7# {Black checkmated} 1-0

[Event "Team 45 45 League T42"]
[Site "Internet Chess Club"]
[Date "2009.08.09"]
[Round "2"]
[White "fileman"]
[Black "CHESSISTA1"]
[Result "0-1"]
[WhiteElo "1865"]
[BlackElo "1708"]
[Opening "Sicilian: wing gambit, Marshall variation"]
[ECO "B20"]
[Time "11:00:30"]
[TimeControl "2700+45"]

1. e4 c5 2. b4 cxb4 3. a3 d5 4. exd5 Nf6 5. Nf3 Nxd5 6. d4 e6 7. Bd2 bxa3 8.
Nxa3 Be7 9. Bd3 O-O 10. O-O a6 11. c3 Nc6 12. Nc4 h6 13. Re1 Bf6 14. Qc1 Re8 15.
Bb1 b5 16. Nce5 Nxe5 17. dxe5 Bg5 18. Nxg5 hxg5 19. Bxg5 Qc7 20. Qc2 g6 21. Qe4
Qxc3 22. Ba2 Bb7 23. Qh4 Qb4 24. Qh6 Qg4 25. Bxd5 Bxd5 26. f3 Qh5 27. f4 Rec8
28. Re3 Qxh6 29. Bxh6 Rc2 30. Rh3 Bxg2 31. Rh4 Bf3 32. Ra3 Bh5 33. Rg3 Rd8
{White resigns} 0-1

[Event "Team 45 45 League T42"]
[Site "Internet Chess Club"]
[Date "2009.08.07"]
[Round "2"]
[White "Kravier"]
[Black "LoseOften"]
[Result "0-1"]
[WhiteElo "1667"]
[BlackElo "1870"]
[Opening "Dutch with c4 & Nc3"]
[ECO "A85"]
[Time "13:32:35"]
[TimeControl "2700+45"]

1. d4 f5 2. c4 Nf6 3. Nc3 e6 4. Bg5 Bb4 5. Rc1 O-O 6. a3 Bxc3+ 7. Rxc3 Qe8 8.
Bxf6 Rxf6 9. Nf3 b6 10. g3 Bb7 11. Bg2 d6 12. O-O Nd7 13. b4 Qh5 14. Nh4 Bxg2
15. Nxg2 g5 16. h4 Rh6 17. e3 Qg6 18. hxg5 Qxg5 19. Qf3 Rf8 20. c5 Nf6 21. Qf4
Qh5 22. Nh4 Nd5 23. cxd6 Nxf4 24. exf4 cxd6 25. Rfc1 Kf7 26. Rc7+ Kf6 27. Rxa7
Qe2 28. Ng2 Rg8 29. Rd7 Qh5 30. Nh4 Qxh4 {White resigns} 0-1

[Event "Team 45 45 League T42"]
[Site "Internet Chess Club"]
[Date "2009.08.09"]
[Round "2"]
[White "shijith"]
[Black "cocou"]
[Result "1/2-1/2"]
[WhiteElo "1767"]
[BlackElo "1596"]
[Opening "Catalan: closed, main line"]
[ECO "E09"]
[Time "11:10:23"]
[TimeControl "2700+45"]

1. d4 d5 2. Nf3 Nf6 3. c4 e6 4. g3 c6 5. Qc2 Be7 6. Bg2 O-O 7. O-O Nbd7 8. Nbd2
b6 9. e4 dxe4 10. Nxe4 Bb7 11. Ne5 Nxe5 12. dxe5 Nxe4 13. Bxe4 g6 14. Rd1 Qc7
15. f4 c5 16. Bxb7 Qxb7 17. Be3 Rfd8 18. Qg2 Qxg2+ 19. Kxg2 Kf8 20. Kf3 Ke8 21.
h4 Rxd1 22. Rxd1 Rd8 23. Rxd8+ Kxd8 24. Bf2 h5 25. a4 Kc7 26. Be1 Kc6 27. Ke4 a6
28. Kd3 b5 29. axb5+ axb5 30. b3 bxc4+ 31. bxc4 Bd8 32. Kc2 Bc7 33. Kb3 Kb7 34.
Ka4 Ka6 35. Bc3 Bb6 36. Bd2 {Game drawn by mutual agreement} 1/2-1/2

[Event "Team 45 45 League T42"]
[Site "Internet Chess Club"]
[Date "2009.08.10"]
[Round "2"]
[White "jacknor"]
[Black "predkoo"]
[Result "1-0"]
[WhiteElo "1669"]
[BlackElo "1652"]
[Opening "Giuoco Piano"]
[ECO "C44"]
[Time "09:05:33"]
[TimeControl "2700+45"]

1. e4 e5 2. Nf3 Nc6 3. d4 exd4 4. Bc4 Bc5 5. c3 Nf6 6. e5 d5 7. Bb5 Ne4 8. Nxd4
O-O 9. Bxc6 bxc6 10. O-O Bxd4 11. cxd4 Ng5 12. Nd2 Ne6 13. Nb3 Qe7 14. Be3 a5
15. Rc1 Ba6 16. Re1 Bc4 17. Nd2 Qb4 18. Nxc4 dxc4 19. Qc2 c5 20. d5 Nd4 21. Bxd4
cxd4 22. Qxc4 Rfd8 23. Red1 Qxc4 24. Rxc4 Rxd5 25. Rcxd4 Rxe5 26. b3 Kf8 27. Kf1
Rae8 28. Rd5 c6 29. Rd6 Re2 30. R6d2 Rxd2 31. Rxd2 Ke7 32. Ke1 Kf6+ 33. Kd1 Re4
34. Kc2 Ke5 35. Kc3 Rh4 36. h3 Rf4 37. g3 Rf6 38. Kc4 Ke4 39. Kc5 Kf3 40. Kb6
Kg2 41. Kxa5 Rxf2 42. Rxf2+ Kxf2 43. Kb6 Kxg3 44. a4 f5 45. a5 f4 46. a6 f3 47.
a7 f2 48. a8=Q f1=Q 49. Qxc6 Qf6 50. b4 Kxh3 51. b5 h5 52. Kb7 h4 53. b6 Qxc6+
54. Kxc6 Kg2 55. b7 h3 56. b8=Q h2 57. Qb2+ Kg1 58. Qc1+ Kg2 59. Qd2+ Kg1 60.
Qe1+ Kg2 61. Qe2+ Kg1 62. Qg4+ Kh1 63. Qf3+ Kg1 64. Qg3+ Kh1 65. Qf2 g5 66. Qf1#
{Black checkmated} 1-0

[Event "Team 45 45 League T42"]
[Site "Internet Chess Club"]
[Date "2009.08.09"]
[Round "2"]
[White "IceBox"]
[Black "Wheels"]
[Result "1/2-1/2"]
[WhiteElo "1780"]
[BlackElo "1991"]
[Opening "King's Indian: Sämisch, orthodox, 7.d5"]
[ECO "E87"]
[Time "09:02:41"]
[TimeControl "2700+45"]

1. d4 Nf6 2. c4 g6 3. Nc3 d6 4. f3 Bg7 5. e4 O-O 6. Be3 e5 7. d5 Nh5 8. Qd2 f5
9. O-O-O Nd7 10. Nge2 a6 11. Kb1 Qe7 12. Nc1 fxe4 13. fxe4 Nb6 14. Nb3 Bg4 15.
Rc1 Rae8 16. c5 Nc8 17. Na5 b6 18. Nc6 Qf7 19. cxb6 Nxb6 20. Bxa6 Bc8 21. Rhf1
Nf6 22. Bb5 Bd7 23. h3 Ra8 24. g4 Qe8 25. a4 {Game drawn by mutual agreement}
1/2-1/2

[Event "Team 45 45 League T42"]
[Site "Internet Chess Club"]
[Date "2009.08.09"]
[Round "2"]
[White "mfeatherston"]
[Black "chipionero"]
[Result "1-0"]
[WhiteElo "1897"]
[BlackElo "1688"]
[Opening "Sicilian: closed"]
[ECO "B23"]
[Time "15:00:09"]
[TimeControl "2700+45"]

1. e4 c5 2. Nc3 d6 3. f4 a6 4. Nf3 e6 5. g3 Nf6 6. Bg2 Be7 7. d3 Nc6 8. O-O O-O
9. h3 Qc7 10. g4 b5 11. Qe1 Nd4 12. Nxd4 cxd4 13. Ne2 e5 14. c3 dxc3 15. bxc3
Re8 16. Be3 Bb7 17. g5 Nd7 18. f5 Rac8 19. Qg3 Kh8 20. Qg4 Rg8 21. Qh5 g6 22.
Qg4 gxf5 23. Rxf5 Rg7 24. Raf1 f6 25. Ng3 Rcg8 26. R5f3 Nc5 27. Nh5 Rg6 28. Nxf6
Bxf6 29. Rxf6 Rxf6 30. Rxf6 Nxd3 31. Qh5 Qc8 32. g6 Rg7 33. Bh6 Rxg6 34. Rxg6
hxg6 35. Qxg6 Qg8 36. Qxd6 Bxe4 37. Qf6+ Kh7 38. Bg5 Bxg2 {Black resigns} 1-0

[Event "Team 45 45 League T42"]
[Site "Internet Chess Club"]
[Date "2009.08.07"]
[Round "2"]
[White "egd01"]
[Black "Grenadier"]
[Result "0-1"]
[WhiteElo "1520"]
[BlackElo "1671"]
[Opening "Caro-Kann: closed (Breyer) variation"]
[ECO "B10"]
[Time "08:01:21"]
[TimeControl "2700+45"]

1. e4 c6 2. d3 d5 3. Nc3 g6 4. g3 Bg7 5. Bg2 d4 6. Nce2 c5 7. Bd2 Nc6 8. Nf3 Nf6
9. c3 e5 10. O-O Bg4 11. Qc1 Rc8 12. Re1 O-O 13. cxd4 cxd4 14. Qc5 Re8 15. Rac1
b6 16. Qb5 Bd7 17. Qb3 Be6 18. Qa3 Bf8 19. Qa6 Qd7 20. Qb5 Bc5 21. b4 Nxb4 22.
Qxd7 Bxd7 23. Bxb4 Bxb4 24. Rxc8 Rxc8 25. Rc1 Rxc1+ 26. Nxc1 Bd6 27. Nb3 Ne8 28.
Nbd2 b5 29. Kf1 Be6 30. Nb3 Nc7 31. Ng5 Bc8 32. Ke2 Na6 33. Bh3 Bxh3 34. Nxh3
Nb4 35. f4 Nxa2 36. fxe5 Bxe5 37. Ng5 Nb4 38. Nf3 f6 39. g4 Nc6 40. h3 a5 41.
Kd2 a4 42. Nc5 a3 43. Kc2 Bd6 44. Ne6 a2 45. Kb2 Kf7 {White resigns} 0-1

[Event "Team 45 45 League T42"]
[Site "Internet Chess Club"]
[Date "2009.08.10"]
[Round "2"]
[White "BrerRabbit"]
[Black "arriero55"]
[Result "1/2-1/2"]
[WhiteElo "1573"]
[BlackElo "1449"]
[Opening "English, 1...Nf6 (Anglo-Indian defense)"]
[ECO "A15"]
[Time "15:02:25"]
[TimeControl "2700+45"]

1. c4 Nf6 2. g3 e6 3. Bg2 c5 4. Nf3 d5 5. cxd5 Nxd5 6. O-O Be7 7. Nc3 Nxc3 8.
bxc3 Nc6 9. d4 Bf6 10. e3 O-O 11. Rb1 Rb8 12. Bb2 b6 13. Ba3 Be7 14. Qe2 Re8 15.
Rfd1 cxd4 16. Bxe7 Qxe7 17. cxd4 Bb7 18. Rdc1 Rbc8 19. Qb2 Rc7 20. Rc3 Rec8 21.
Nd2 Na5 22. Rxc7 Qxc7 23. Bxb7 Nxb7 24. Nb3 Qd7 25. Rc1 Rxc1+ 26. Qxc1 Nd6 27.
Nd2 Qc8 28. Qxc8+ Nxc8 {Game drawn by mutual agreement} 1/2-1/2

[Event "Team 45 45 League T42"]
[Site "Internet Chess Club"]
[Date "2009.08.07"]
[Round "2"]
[White "chsrules88"]
[Black "SneakyRed"]
[Result "1/2-1/2"]
[WhiteElo "2048"]
[BlackElo "1886"]
[Opening "Caro-Kann: advance variation"]
[ECO "B12"]
[Time "15:00:08"]
[TimeControl "2700+45"]

1. e4 c6 2. d4 d5 3. e5 Bf5 4. Bd3 Bxd3 5. Qxd3 e6 6. Nf3 Qa5+ 7. c3 Qa6 8. Qxa6
Nxa6 9. O-O c5 10. a3 c4 11. Be3 Ne7 12. Nbd2 Nc6 13. b4 cxb3 14. Nxb3 Be7 15.
Rfc1 Kd7 16. c4 dxc4 17. Rxc4 Rhc8 18. Nc5+ Nxc5 19. dxc5 Na5 20. Rg4 g6 21. Rf4
Ke8 22. Rc1 Nb3 23. Rb1 Nxc5 24. Bxc5 Rxc5 25. Kf1 b5 26. a4 Rc4 27. Rxc4 bxc4
28. Ke2 a5 29. Rc1 Rc8 30. Nd2 c3 31. Ne4 Bb4 32. Rc2 Ke7 33. g3 h6 34. f4 Rc7
35. Kd3 Rd7+ 36. Kc4 Rc7+ 37. Kb3 Kd7 38. Nxc3 Bxc3 39. Rxc3 Rb7+ 40. Ka3 Rc7
41. Rd3+ Ke7 42. Rb3 Rc5 43. Rb5 Rd5 44. Kb3 Rd2 45. Rxa5 Rxh2 46. Rc5 Kd7 47.
a5 Rg2 48. Rc3 Rg1 49. Kb4 Rb1+ 50. Rb3 Ra1 51. Kb5 Kc7 52. a6 g5 53. fxg5 hxg5
54. g4 Rg1 55. Rc3+ Kb8 56. Rf3 Rb1+ 57. Kc5 Ka7 58. Rxf7+ Kxa6 59. Rg7 Rd1 60.
Rxg5 Rd5+ 61. Kc6 Rd4 62. Rg6 Ka7 63. g5 Rg4 64. Rg8 Rd4 65. g6 Rd5 66. g7 Rxe5
67. Kd6 Rg5 68. Kxe6 Rg1 69. Kf6 Rf1+ 70. Kg5 Rg1+ 71. Kf4 Kb7 72. Kf3 Ka7 73.
Kf2 Rg6 74. Ke3 Rg1 75. Kd4 Rg4+ 76. Kc5 Rg5+ 77. Kd6 Rg1 78. Ke7 Re1+ 79. Kf8
Rf1+ 80. Ke8 Re1+ 81. Kd7 Rd1+ 82. Kc6 Rc1+ 83. Kb5 Rb1+ 84. Kc4 Rc1+ 85. Kd3
Rg1 86. Ke3 Kb7 87. Kf3 Ka7 88. Kf2 Rg6 89. Kf1 Kb7 90. Ke2 Rg2+ 91. Ke3 Ka7 92.
Ke4 Kb7 93. Kf4 Rg1 94. Kf3 {Game drawn by repetition} 1/2-1/2

[Event "Team 45 45 League T42"]
[Site "Internet Chess Club"]
[Date "2009.08.09"]
[Round "2"]
[White "Giacometti"]
[Black "RingLord"]
[Result "0-1"]
[WhiteElo "1759"]
[BlackElo "1718"]
[Opening "Bird's opening"]
[ECO "A03"]
[Time "08:01:37"]
[TimeControl "2700+45"]

1. f4 d5 2. Nf3 Bg4 3. e3 Nd7 4. Be2 Ngf6 5. b3 Bxf3 6. Bxf3 e5 7. fxe5 Nxe5 8.
Bb2 Bd6 9. O-O Qe7 10. d3 O-O-O 11. Nd2 h5 12. d4 Neg4 13. Bxg4+ hxg4 14. g3
Qxe3+ 15. Rf2 Rxh2 {White resigns} 0-1

[Event "Team 45 45 League T42"]
[Site "Internet Chess Club"]
[Date "2009.08.08"]
[Round "2"]
[White "Bookkeeper"]
[Black "bondguy01"]
[Result "1-0"]
[WhiteElo "1639"]
[BlackElo "1707"]
[Opening "Sicilian defense"]
[ECO "B40"]
[Time "10:00:38"]
[TimeControl "2700+45"]

1. e4 c5 2. Nf3 e6 3. Bd3 Nc6 4. c3 d5 5. O-O Nf6 6. Re1 dxe4 7. Bxe4 Nxe4 8.
Rxe4 Qd3 9. Re3 Qd8 10. Qe2 Be7 11. Na3 O-O 12. b3 a6 13. Nc4 b5 14. Nce5 Nxe5
15. Nxe5 Qc7 16. Bb2 Bb7 17. Re1 f6 18. Ng4 Qc6 19. f3 e5 20. d4 cxd4 21. cxd4
Bb4 22. Rc1 Qd6 23. dxe5 fxe5 24. Bxe5 Qd2 25. Rc2 Qxc2 26. Qxc2 {Black resigns}
1-0

[Event "Team 45 45 League T42"]
[Site "Internet Chess Club"]
[Date "2009.08.10"]
[Round "2"]
[White "TwentyMiles"]
[Black "werty"]
[Result "1-0"]
[WhiteElo "1763"]
[BlackElo "1539"]
[Opening "French: Rubinstein variation"]
[ECO "C03"]
[Time "14:38:13"]
[TimeControl "2700+45"]

1. e4 e6 2. d4 d5 3. Nd2 dxe4 4. Nxe4 Nd7 5. Nf3 Ngf6 6. Bg5 Be7 7. Nxf6+ Nxf6
8. Bd3 h6 9. Bh4 O-O 10. Qe2 Nd5 11. Bg3 Bb4+ 12. Nd2 c5 13. dxc5 Bxc5 14. O-O-O
Bd7 15. Nb3 b6 16. Kb1 a5 17. Be4 Ba4 18. c4 Bxb3 19. axb3 f5 20. Bf3 f4 21.
Qxe6+ {Black resigns} 1-0